 Dungeon Crawl Stone Soup version 0.22-a0-293-gc9362ec4a2 (webtiles) character file.

14681 Infinimo the Fencer (level 11, -7/103 HPs)
             Began as a Minotaur Fighter on Mar 24, 2018.
             Was a High Priest of Okawaru.
             Killed by divine providence
             ... invoked by a smoke demon
              (10 damage)
             ... in a volcano.
             The game lasted 00:18:31 (11325 turns).

Infinimo the Fencer (Minotaur Fighter)             Turns: 11325, Time: 00:18:32

Health: -7/103     AC: 14    Str: 22    XL:     11   Next: 91%
Magic:  10/10      EV:  8    Int: 11    God:    Okawaru [*****.]
Gold:   338        SH: 12    Dex:  9    Spells: 10/10 levels left

rFire    . . .     SeeInvis .   r - +1 falchion (elec)
rCold    . . .     Gourm    .   c - +1 shield
rNeg     . . .     Faith    .   x - +4 scale mail of Hesuplol {+Fly Int+3}
rPois    .         Spirit   .   (helmet restricted)
rElec    .         Reflect  .   (no cloak)
rCorr    .         Harm     .   A - +0 pair of gloves
MR       .....                  (no boots)
Stlth    ..........             m - amulet of rage
HPRegen  0.27/turn              (no ring)
MPRegen  0.12/turn              (no ring)

@: very slightly contaminated, hasted, very quick
A: retaliatory headbutt, horns 2
a: Heroism, Finesse, Renounce Religion, Evoke Berserk Rage, Evoke Flight


You were in a volcano.
You worshipped Okawaru.
Okawaru was extremely pleased with you.
You were not hungry.

You visited 2 branches of the dungeon, and saw 12 of its levels.
You also visited: Volcano.

You collected 730 gold pieces.
You spent 392 gold pieces at shops.

Inventory:

Hand Weapons
 p - the +12 great sword of Theory {slice, rN++ Str+3 Int+4 Stlth-}
   (Okawaru gifted it to you on level 1 of the Lair of Beasts)

   It inflicts extra damage upon your enemies.
   It affects your strength (+3).
   It affects your intelligence (+4).
   It greatly protects you from negative energy.
   It makes you less stealthy.
 r - a +1 falchion of electrocution (weapon)
 I - a +1 rapier of flaming
Armour
 c - a +1 shield (worn)
 x - the +4 scale mail of Hesuplol (worn) {+Fly Int+3}
   (You bought it in a shop on level 9 of the Dungeon)

   It affects your intelligence (+3).
   It lets you fly.
 A - a +0 pair of gloves (worn)
Jewellery
 b - an uncursed ring of ice
 m - an amulet of rage (around neck)
 w - an uncursed amulet of guardian spirit
Wands
 e - a wand of iceblast (10)
 h - a wand of disintegration (15)
 t - a wand of digging (22)
Scrolls
 a - 3 scrolls of enchant armour
 j - 3 scrolls of blinking
 k - a scroll of teleportation
 l - 4 scrolls of remove curse
 s - 6 scrolls of identify
 u - 2 scrolls of enchant weapon
 y - 6 scrolls of amnesia
 C - a scroll of acquirement {unknown}
 D - a scroll of summoning {unknown}
 F - a scroll of random uselessness {unknown}
Potions
 d - 2 potions of flight
 g - a potion of cancellation
 i - 2 potions of brilliance
 n - 3 potions of mutation
 o - 4 potions of agility
 q - 2 potions of degeneration
 v - a potion of ambrosia
 B - a potion of magic
 E - a potion of curing {unknown}
 G - a potion of experience {unknown}
 H - a potion of berserk rage {unknown}
Comestibles
 f - 17 rations
 J - 2 chunks of flesh


   Skills:
 + Level 11.6 Fighting
 * Level 15.1 Long Blades
 + Level 10.4 Armour
 + Level 9.2 Shields


You had 10 spell levels left.
You didn't know any spells.

Dungeon Overview and Level Annotations

Branches:
Dungeon (11/15)            Temple (0/1) D:4            Lair (1/6) D:8
    Orc: D:9-12

Altars:
Dithmenos
Elyvilon
Hepliaklqana
Makhleb
Nemelex Xobeh
Okawaru
Qazlal
Sif Muna
Uskayaw
Vehumet
Wu Jian
Xom
Beogh

Shops:
D:4 }   D:7 :   D:8 (   D:9 *

Annotations:
D:11 Urug


Innate Abilities, Weirdness & Mutations

You reflexively headbutt those who attack you in melee.
You have a pair of horns on your head.


Message History

The smoke demon gestures at you. You block the sticky flame.
Okay, then.
Okay, then.
Okay, then.
Blink to where?
Press: ? - help, Dir - move target cursor You are very lightly contaminated with residual magic.
As you read the scroll of blinking, it crumbles to dust.
You feel like a meek peon again. The smoke demon gestures at you.
The ball of steam hits you!
* * * LOW HITPOINT WARNING * * *
Things that are here:
a spear of flaming; a robe of fire resistance
Okay, then.
You feel yourself speed up. The smoke demon gestures at you.
Something smites you!
You die...

§§§..3..##
≈§§§§§...#
≈≈§§§....#
§§≈§§....####
≈§≈.......3)##
......#..#...#####
###..######§§..#.##
#
#####§§§§§§.....##
##≈§§§§...@∩.#
#≈≈≈≈≈≈..[.≈#
##≈§≈§≈[..≈##
###§≈§≈§§≈≈#
##§§≈≈≈§§#
###§§§§## #≈§###
####


You could see a smoke demon.

Vanquished Creatures
  Fannar (D:8)
  4 two-headed ogres
  An orc sorcerer (Volcano)
  An ugly thing (D:11)
  A gargoyle (D:11)
  3 spiny frogs (Lair:1)
  A komodo dragon (Lair:1)
  A red devil (Volcano)
  A troll (D:10)
  Prince Ribbit (D:5)
  4 hippogriffs
  3 blink frogs (Lair:1)
  A wraith (D:10)
  Sigmund (D:4)
  8 yaks
  2 wyverns (D:8)
  The ghost of kusayu the Shield-Bearer, an amateur GnFi of Xom (D:3)
  3 wargs (D:8)
  2 hell hounds (Volcano)
  A water moccasin (D:8)
  2 ice beasts
  An orc warrior (D:7)
  A phantom (D:5)
  7 ogres
  2 sky beasts
  10 centaurs
  Blork the orc (D:5)
  2 bullfrogs
  A water moccasin zombie (D:10)
  3 scorpions
  5 killer bees (D:9)
  9 wights
  2 howler monkeys (D:8)
  A crimson imp (D:11)
  A quasit (D:10)
  7 hounds
  5 orc priests
  3 bullfrog skeletons
  3 gnoll shamans
  2 jellies
  13 orc wizards
  2 centaur skeletons (D:10)
  5 iguanas
  Terence (D:2)
  4 worker ants
  A killer bee zombie (D:8)
  A worker ant zombie (D:6)
  15 gnolls
  6 adders
  3 shadow imps
  2 oozes
  2 adder skeletons
  An adder zombie (D:8)
  3 worms
  A dart slug (D:2)
  2 leopard geckos
  42 orcs
  4 giant cockroaches
  7 goblins
  14 hobgoblins
  5 jackals
  5 kobolds
  2 quokkas
  3 ball pythons
  2 bats (D:2)
  6 frilled lizards
  A jackal skeleton (D:4)
  7 rats
269 creatures vanquished.

Notes
Turn   | Place    | Note
-------+----------+-------------------------------------------
     0 | D:1      | Infinimo the Minotaur Fighter began the quest for the Orb.
     0 | D:1      | Reached XP level 1. HP: 19/19 MP: 0/0
   109 | D:1      | Reached XP level 2. HP: 22/27 MP: 1/1
   111 | D:1      | Reached skill level 3 in Long Blades
   381 | D:1      | Reached XP level 3. HP: 33/33 MP: 2/2
   746 | D:2      | Noticed Terence
   758 | D:2      | Killed Terence
   758 | D:2      | Reached skill level 4 in Long Blades
   847 | D:2      | Reached XP level 4. HP: 40/40 MP: 3/3
  1042 | D:2      | Found a deep blue altar of Sif Muna.
  1382 | D:3      | Noticed an ice beast
  1422 | D:3      | Killed an ice beast
  1422 | D:3      | Reached skill level 5 in Long Blades
  1422 | D:3      | Reached XP level 5. HP: 41/47 MP: 4/4
  1745 | D:3      | Found a white marble altar of Elyvilon.
  1799 | D:3      | Reached skill level 5 in Shields
  1853 | D:3      | Found a hide-covered altar of Uskayaw.
  1872 | D:3      | Found a sparkling altar of Nemelex Xobeh.
  1874 | D:3      | Found an iron altar of Okawaru.
  1880 | D:3      | Found an ornate altar of the Wu Jian Council.
  1887 | D:3      | Reached skill level 5 in Fighting
  1890 | D:3      | Became a worshipper of Warmaster Okawaru
  2161 | D:3      | Noticed kusayu's ghost (amateur GnFi)
  2166 | D:3      | Killed kusayu's ghost
  2166 | D:3      | Reached skill level 6 in Long Blades
  2166 | D:3      | Reached XP level 6. HP: 56/56 MP: 5/5
  2222 | D:4      | Found Muluint's Gadget Shop.
  2303 | D:4      | Found a staircase to the Ecumenical Temple.
  2314 | D:4      | Reached * piety under Okawaru
  2398 | D:4      | Reached XP level 7. HP: 41/62 MP: 6/6
  2760 | D:4      | Reached skill level 7 in Long Blades
  2823 | D:4      | Noticed Sigmund
  2839 | D:4      | Killed Sigmund
  2966 | D:4      | Reached ** piety under Okawaru
  3109 | D:5      | Entered Level 5 of the Dungeon
  3134 | D:5      | Reached skill level 8 in Long Blades
  3138 | D:5      | Noticed Blork the orc
  3147 | D:5      | Killed Blork the orc
  3147 | D:5      | Reached XP level 8. HP: 48/71 MP: 7/7
  3321 | D:5      | Noticed Prince Ribbit
  3340 | D:5      | Killed Prince Ribbit
  3340 | D:5      | Reached skill level 9 in Long Blades
  3513 | D:5      | Reached *** piety under Okawaru
  3659 | D:5      | Found a runed door.
  3688 | D:5      | Found a hazy altar of Hepliaklqana.
  3689 | D:5      | Found a shimmering altar of Xom.
  3690 | D:5      | Noticed a spectral ugly thing
  3791 | D:5      | Found a radiant altar of Vehumet.
  3937 | D:5      | Reached skill level 5 in Armour
  4173 | D:5      | Found a roughly hewn altar of Beogh.
  4214 | D:6      | Found a burning altar of Makhleb.
  4397 | D:6      | Found a stormy altar of Qazlal.
  4420 | D:6      | Found a shadowy altar of Dithmenos.
  4565 | D:6      | Reached skill level 10 in Long Blades
  4720 | D:6      | Reached XP level 9. HP: 81/81 MP: 8/8
  5147 | D:7      | Found Imuym's Book Shop.
  6063 | D:8      | Reached skill level 11 in Long Blades
  6436 | D:8      | Noticed a two-headed ogre
  6447 | D:8      | Killed a two-headed ogre
  6447 | D:8      | Reached **** piety under Okawaru
  6447 | D:8      | Reached skill level 12 in Long Blades
  6655 | D:8      | Reached XP level 10. HP: 77/91 MP: 9/9
  6855 | D:8      | Found a staircase to the Lair.
  6894 | D:8      | Found Barearr's Weapon Shop.
  7856 | D:9      | Reached ***** piety under Okawaru
  8056 | D:9      | Reached skill level 10 in Fighting
  8064 | D:9      | Reached skill level 13 in Long Blades
  8127 | D:9      | Noticed a two-headed ogre
  8134 | D:9      | Killed a two-headed ogre
  8617 | D:9      | Found Ycoogarr's Assorted Antiques.
  8625 | D:9      | Bought a potion of heal wounds for 140 gold pieces
  8625 | D:9      | Bought a jet-encrusted scale mail for 252 gold pieces
  8636 | D:9      | Identified the +4 scale mail of Hesuplol {+Fly Int+3} (You bought it in a shop on level 9 of the Dungeon)
  8720 | D:10     | Entered Level 10 of the Dungeon
  8849 | D:10     | Received a gift from Okawaru
  8877 | D:10     | Reached XP level 11. HP: 87/101 MP: 7/10
  8940 | D:10     | Noticed a two-headed ogre
  8954 | D:10     | Killed a two-headed ogre
  9002 | D:10     | Noticed a two-headed ogre
  9011 | D:10     | Killed a two-headed ogre
  9011 | D:10     | Reached skill level 14 in Long Blades
  9596 | D:11     | Noticed a white ugly thing
  9611 | D:11     | Killed a white ugly thing
  9837 | D:11     | HP: 3/102 [gargoyle/stone arrow (15)]
 10114 | D:11     | Noticed Urug
 10402 | Lair:1   | Entered Level 1 of the Lair of Beasts
 10402 | Lair:1   | Noticed Fannar
 10435 | D:8      | Killed Fannar
 10435 | D:8      | Reached skill level 10 in Armour
 10891 | Lair:1   | Found a radiant altar of Vehumet.
 10904 | Lair:1   | Received a gift from Okawaru
 10904 | Lair:1   | Reached ****** piety under Okawaru
 10904 | Lair:1   | Reached skill level 15 in Long Blades
 10954 | Lair:1   | Got an ichor-stained great sword {god gift}
 10956 | Lair:1   | Identified the +12 great sword of Theory {slice, rN++ Str+3 Int+4 Stlth-} (Okawaru gifted it to you on level 1 of the Lair of Beasts)
 11147 | Lair:1   | Found a dark tunnel.
 11163 | Volcano  | Entered a volcano
 11238 | Volcano  | Noticed an orc sorcerer
 11249 | Volcano  | Killed an orc sorcerer
 11318 | Volcano  | HP: 2/103 [something/ball of steam (13)]
 11325 | Volcano  | Killed from afar by a smoke demon

Vault maps used:
D:1:      dpeg_arrival_pits
D:2:      lemuel_blue_sif_altar, uniq_terence
D:3:      minitemple, minmay_misc_feat_chi
D:4:      minmay_temple_entry_large_hall, serial_shops, shop, uniq_sigmund
D:5:      regret_index_temple_of_mockery, vehumet_altar_wand_db, first_ration,
          lightli_church_of_beogh, uniq_blork_the_orc, uniq_prince_ribbit1
D:6:      overflow_temple_1_default, nicolae_overflow_hidden_temple,
          overflow_temple_1_default, hangedman_abyss_or_decor_lesser_grid
D:7:      serial_shops, nicolae_shop_trees, supply_closet_lemuel,
          grunt_ogre_cave
D:8:      erik_lair_orcish_takeover, serial_shops, nicolae_shop_crystal,
          hex_medium
D:9:      serial_shops, shop
D:11:     kennysheep_orc_monster_closet_entryway, uniq_urug
Lair:1:   nicolae_volcano_entry_s_turn, basic_altar, serial_bayou_pond_d,
          fungi_pond_lemuel, grunt_megastairs_1, uniq_fannar
Volcano:  volcano_pools

Skill      XL: |  1  2  3  4  5  6  7  8  9 10 11 |
---------------+----------------------------------+-----
Long Blades    | 3 4 5 6 8 10 12 13 15 | 15.1
Fighting       | 4 5 6 7 9 10 11 | 11.6
Shields        | 4 5 6 7 9 |  9.2
Armour         | 5 7 9 10 | 10.4

Action                   |  1- 3 |  4- 6 |  7- 9 | 10-12 || total
-------------------------+-------+-------+-------+-------++-------
Melee: Long sword        |    64 |    20 |       |       ||    84
       Headbutt          |     8 |    13 |    49 |    68 ||   138
       Falchion          |       |    66 |   308 |   388 ||   762
Invok: Heroism           |       |       |     3 |     9 ||    12
 Abil: Evoke Berserk Rag |       |     2 |     5 |     4 ||    11
  Use: Scroll            |     9 |     5 |       |     9 ||    23
       Potion            |     1 |       |       |     3 ||     4
  Eat: Chunk             |       |     7 |    11 |    15 ||    33
       Ration            |       |       |     2 |     1 ||     3
Armor: Scale mail        |    18 |    26 |    63 |    81 ||   188
Dodge: Dodged            |    17 |    25 |    72 |    74 ||   188
Block: Shield            |    20 |    51 |   156 |   184 ||   411
       Rpst.: Long sword |     6 |     2 |       |       ||     8
       Falchion          |       |     4 |    11 |    21 ||    36

Table legend:
 A = Spawn XP
 B = Non-spawn XP
 C = Spawn XP percentage of total XP
 D = Spawn monster count
 E = Non-spawn monster count
 F = Spawn count percentage of total count
 G = Total turns spent on level
                    A         B        C        D         E        F      G
               +---------+---------+-------+---------+---------+-------+---------
         Total |       0 |   20973 |   0.0 |       0 |     269 |   0.0 | 11325
               +---------+---------+-------+---------+---------+-------+---------
           D:1 |       0 |      50 |   0.0 |       0 |      26 |   0.0 |   552
           D:2 |       0 |     103 |   0.0 |       0 |      15 |   0.0 |   751
           D:3 |       0 |     389 |   0.0 |       0 |      22 |   0.0 |  1133
           D:4 |       0 |     672 |   0.0 |       0 |      18 |   0.0 |   673
           D:5 |       0 |    1240 |   0.0 |       0 |      37 |   0.0 |  1245
           D:6 |       0 |     349 |   0.0 |       0 |      13 |   0.0 |   583
           D:7 |       0 |     745 |   0.0 |       0 |      10 |   0.0 |  1287
           D:8 |       0 |    3810 |   0.0 |       0 |      37 |   0.0 |  1412
           D:9 |       0 |    4130 |   0.0 |       0 |      43 |   0.0 |  1409
          D:10 |       0 |    3056 |   0.0 |       0 |      16 |   0.0 |   788
          D:11 |       0 |    1987 |   0.0 |       0 |      17 |   0.0 |   686
        Lair:1 |       0 |    3245 |   0.0 |       0 |      11 |   0.0 |   644
       Volcano |       0 |    1197 |   0.0 |       0 |       4 |   0.0 |   162
               +---------+---------+-------+---------+---------+-------+---------
